 Dungeon Crawl Stone Soup version 0.29.1-1-gd02db6906a (webtiles) character file.

Game seed: 4811357109116099872

136 Icepheonix32 the Trooper (level 4, -3/61 HPs)
             Began as a Minotaur Fighter on Oct 3, 2022.
             Slain by a gnoll
             ... wielding a +0 halberd of flaming
              (6 damage)
             ... on level 2 of the Dungeon.
             The game lasted 00:01:10 (1476 turns).

Icepheonix32 the Trooper (Minotaur Fighter)         Turns: 1476, Time: 00:01:10

Health: -3/61      AC: 22    Str: 22    XL:     4   Next: 98%
Magic:  3/3        EV:  2    Int:  5    God:
Gold:   93         SH:  4    Dex: 10    Spells: 3/3 levels left

rFire   . . .      SeeInvis .   a - +0 war axe
rCold   . . .      Faith    .   c - +0 buckler
rNeg    . . .      Spirit   .   (body armour currently unavailable)
rPois   +          Reflect  .   (helmet currently unavailable)
rElec   .          Harm     .   (cloak currently unavailable)
rCorr   .          Rampage  .   (gloves currently unavailable)
Will    .....      NoTele   +   (boots currently unavailable)
Stlth   +.........              (no amulet)
HPRegen 0.20/turn               (no ring)
MPRegen 0.08/turn               (no ring)

@: mighty, tree-form
A: stationary, stasis, torment immunity, boosted hp, (horns 2), (retaliatory
headbutt)
a: no special abilities


You were on level 2 of the Dungeon.
You were a tree.
You visited 1 branch of the dungeon, and saw 2 of its levels.

You collected 93 gold pieces.

Inventory:

Hand Weapons
 a - a +0 war axe (weapon)
Armour
 b - a +0 scale mail (melded)
 c - a +0 buckler (worn)
Scrolls
 e - 4 scrolls of vulnerability {unknown}
 f - 2 scrolls of poison {unknown}
 g - 2 scrolls of immolation {unknown}


   Skills:
 + Level 4.6 Fighting
 + Level 3.9 Axes
 + Level 4.4 Armour
 + Level 0.7 Dodging
 + Level 0.3 Stealth
 + Level 4.4 Shields


You had 3 spell levels left.
You didn't know any spells.
Your spell library contained the following spells:

 Spells                   Type           Power      Damage    Failure   Level
 Portal Projectile        Hex/Tloc       0%         N/A       90%         3
 Tukima's Dance           Hex            0%         N/A       90%         3
 Blade Hands              Tmut           0%         N/A       100%        5


Dungeon Overview and Level Annotations

Branches:
Dungeon (2/15)

Altars:
Fedhas


Innate Abilities, Weirdness & Mutations

You are a tree.
Your roots penetrate the ground, keeping you stationary.
You cannot be teleported.
You are immune to unholy pain and torment.
Your maximum health is greatly increased.
Your equipment is partially melded.
((You have a pair of horns on your head.))
((You reflexively headbutt those who attack you in melee.))


Message History

You feel very mighty all of a sudden. You block the gnoll's attack.
The gnoll hits you with a +0 club.
* * * LOW HITPOINT WARNING * * *
Unknown command.
You slash the gnoll!
The gnoll is severely wounded.
The gnoll barely misses you.
You cannot move.
You closely miss the gnoll.
The gnoll is severely wounded.
The gnoll barely misses you. The gnoll hits you but does no damage.
You slash the gnoll!
You kill the gnoll!
The gnoll hits you but does no damage.
The gnoll hits you from afar with a +0 halberd of flaming.
* * * LOW HITPOINT WARNING * * *
The gnoll burns you.
* * * LOW HITPOINT WARNING * * *
You aren't carrying any items that you can evoke.
The gnoll hits you but does no damage. The gnoll barely misses you.
The gnoll hits you but does no damage. The gnoll hits you but does no damage.
The gnoll hits you but does no damage. The gnoll hits you but does no damage.
The gnoll hits you but does no damage.
The gnoll hits you from afar with a +0 halberd of flaming.
* * * LOW HITPOINT WARNING * * *
The gnoll burns you.
* * * LOW HITPOINT WARNING * * *
The gnoll barely misses you. You block the gnoll's attack.
The gnoll barely misses you. The gnoll hits you but does no damage.
The gnoll hits you from afar with a +0 halberd of flaming.
* * * LOW HITPOINT WARNING * * *
The gnoll burns you.
* * * LOW HITPOINT WARNING * * *
The gnoll hits you from afar with a +0 halberd of flaming.
You die...

######.....#.##
#..........#..# $.
...#...######.# #.
#..##...#####.####...
..# ###..)...........
#.#####..####.####.##
#..##....## #.####.#
##....##..###.##...#
.<..#####......#♣###
###.# #####...)..#
#.# #...##g# #..
#...###gg.# ##..
...#.# #...... .#
#####.# #.#...## ##
#.# #.###.# . #.# #.#
... .# ... ... #..


You could see 3 gnolls.

Vanquished Creatures
  10 gnolls
  A worm (D:2)
  6 endoplasms
  3 giant cockroaches
  2 goblins
  4 jackals (D:2)
  3 kobolds
  A quokka (D:1)
  2 ball pythons
  2 bats (D:1)
  4 frilled lizards
  2 rats (D:1)
40 creatures vanquished.

Notes
Turn   | Place    | Note
-------+----------+-------------------------------------------
     0 | D:1      | Icepheonix32 the Minotaur Fighter began the quest for the
                  | Orb.
     0 | D:1      | Reached XP level 1. HP: 19/19 MP: 0/0
   270 | D:1      | Reached XP level 2. HP: 27/27 MP: 1/1
   509 | D:1      | Found a faded altar of an unknown god.
   833 | D:2      | Reached XP level 3. HP: 33/33 MP: 2/2
  1217 | D:2      | Reached XP level 4. HP: 41/41 MP: 3/3
  1355 | D:2      | Found a blossoming altar of Fedhas.
  1475 | D:2      | HP: 3/61 [gnoll/+0 halberd of flaming (1)]
  1476 | D:2      | Slain by a gnoll

Illustrated notes

Levels and vault maps discovered:
D:1:      dpeg_chamrin_arrival_tetris, layout_basic,
          hellmonk_ecumenical_altar_slurped_away, minmay_misc_feat_encased
D:2:      layout_rooms, basic_altar, st_stairs_11, minmay_misc_feat_columns,
          grunt_ministairs_9

Skill      XL: |  1  2  3 |
---------------+----------+-----
Shields        | 4 |  4.4
Fighting       | 4 |  4.6
Armour         | 4 |  4.4
Axes           | 3 |  3.9
Dodging        | |  0.7
Stealth        | |  0.3

Action                   |  1- 3 |  4- 6 || total
-------------------------+-------+-------++-------
Melee: War axe           |    62 |    32 ||    94
       Headbutt          |     5 |     6 ||    11
  Use: Potion            |       |     2 ||     2
Armor: Scale mail        |    21 |    13 ||    34
       Skin              |       |     9 ||     9
Dodge: Dodged            |    25 |    20 ||    45
Block: Buckler           |    15 |     9 ||    24
